 Dungeon Crawl Stone Soup version 0.27.1 (webtiles) character file.

Game seed: 10139536979496118229

879 sanka the Cleaver (level 7, -3/82 HPs)
             Began as a Palentonga Abyssal Knight on Aug 21, 2021.
             Was a Believer of Lugonu.
             Killed from afar by a steam dragon (15 damage)
             ... with a ball of steam
             ... on level 6 of the Dungeon.
             The game lasted 00:11:02 (6135 turns).

sanka the Cleaver (Palentonga Abyssal Knight)       Turns: 6135, Time: 00:11:03

Health: -3/82      AC: 27    Str: 21    XL:     7   Next: 75%
Magic:  8/8        EV:  1    Int: 13    God:    Lugonu [**....]
Gold:   85         SH:  0    Dex:  9    Spells: 6/6 levels left

rFire    . . .     SeeInvis +   (no weapon)
rCold    . . .     Faith    .   (no shield)
rNeg     + + +     Spirit   .   (armour currently unavailable)
rPois    +         Reflect  .   (helmet currently unavailable)
rElec    .         Harm     .   (cloak currently unavailable)
rCorr    .         Rampage  .   (gloves currently unavailable)
Will     .....     NoTele   +   (no barding)
Stlth    +.........             m - amulet of the acrobat
HPRegen  0.23/turn              B - ring of poison resistance
MPRegen  0.11/turn              A - +4 ring of protection

@: lethally poisoned (-3 -> -11), tree-form
A: stationary, stasis, torment immunity, boosted hp, large, rugged brown scales
3, see invisible, (deformed body), (roll 1), (armoured tail), (reflexive curl),
(horns 1), strong 2, (sturdy frame 1)
a: Renounce Religion, Depart the Abyss, Bend Space


You were on level 6 of the Dungeon.
You worshipped Lugonu.
Lugonu was pleased with you.
You were a tree.
You visited 1 branch of the dungeon, and saw 6 of its levels.
You visited the Abyss 1 time.

You collected 355 gold pieces.
You spent 270 gold pieces at shops.


Innate Abilities, Weirdness & Mutations

You are a tree.
Your roots penetrate the ground, keeping you stationary.
You cannot be teleported.
You are immune to unholy pain and torment.
Your maximum health is greatly increased.
Your equipment is partially melded.
(You are completely covered in rugged brown scales. (AC +3, +7% HP))
You have supernaturally acute eyesight. (SInv)
((Armour fits poorly on your strangely shaped body.))
((You can roll at nearby foes to attack.))
((You have a long armoured tail.))
((You curl defensively after being hit.))
((You have a pair of small horns on your head.))
Your muscles are very strong. (Str +4)
((Your movements are slightly less encumbered by armour. (ER -2)))


   Skills:
 - Level 3.0 Fighting
 + Level 9.0 Axes
 - Level 2.0 Armour
 - Level 0.7 Dodging
 - Level 2.0 Invocations


You had 6 spell levels left.
You didn't know any spells.
Your spell library contained the following spells:

 Spells                   Type           Power      Damage    Failure   Level
 Animate Skeleton         Necr           0%         N/A       30%         1
 Apportation              Tloc           0%         N/A       30%         1
 Corona                   Hex            0%         N/A       30%         1
 Sandblast                Erth           0%         2d4       30%         1
 Summon Small Mammal      Summ           0%         N/A       30%         1
 Passwall                 Tmut/Erth      0%         N/A       43%         2
 Lee's Rapid Deconstruct  Erth           0%         3d5*      100%        5

Inventory:

Hand Weapons
 a - a +1 hand axe
 j - a +0 broad axe
 y - a +2 dagger of venom
Missiles
 o - 18 poisoned darts
Armour
 i - a +0 cloak (melded)
 z - the +7 scale mail of Tomorrow (melded) {rN+ Str+2 Dex+2}

   Str:       It affects your strength (+2).
   Dex:       It affects your dexterity (+2).
   rN:        It protects you from negative energy.
Magical Staves
 n - a staff of poison
Jewellery
 k - an amulet of guardian spirit
 m - an amulet of the acrobat (around neck)
 s - a +6 ring of intelligence
 A - a +4 ring of protection (right branch)
 B - a ring of poison resistance (left branch)
Wands
 v - a wand of iceblast (7)
Scrolls
 c - a scroll of magic mapping
 d - 2 scrolls of fog
 e - a scroll of acquirement
 f - a scroll of brand weapon {unknown}
 g - 2 scrolls of teleportation {@r4}
 p - a scroll of enchant weapon {unknown}
 q - a scroll of vulnerability {unknown}
 u - a scroll of fear
 w - a scroll of immolation {!r}
Potions
 b - a potion of cancellation
 l - a potion of curing {unknown}
 t - a potion of flight
 x - a potion of mutation {!q}
 C - a potion of might {unknown}

Dungeon Overview and Level Annotations

Branches:
Dungeon (6/15)             Temple (0/1) D:4

Altars:
Ashenzari
Makhleb
Okawaru
Qazlal
Wu Jian
Yredelemnul

Shops:
D:1 (   D:4 *

Annotations:
D:4 2 transporters, Suckerboh's ghost, amateur FoBe
D:5 2 runed translucent doors, Crazy Yiuf; MoonlitKnight's ghost, novice HOFi

...............
...................▒.
..................▒.▒▒▒▒▒▒
.................▒.▒....▒▒▒
▒..o............▒.▒.......
▒...............▒.▒....▒
▒...............▒.▒....▒▒▒
▒...)....D...............≈
▒..<.....♣o..▒.......≈≈...
▒..).........▒......≈≈≈o..
▒............▒...▒▒▒≈▒▒≈≈.
▒............▒...▒≈≈≈≈▒.≈.
▒............▒.≈≈▒≈>.≈≈.[≈
▒..▒.▒.▒▒▒▒▒...≈≈▒≈_8≈▒...
▒▒▒▒.▒.▒▒▒▒▒▒...≈≈≈≈≈≈≈≈≈.
▒....▒..........≈≈≈++▒≈≈..
▒▒▒.......▒▒..≈....≈≈≈..


You could see a steam dragon (catching breath), an orc priest and an orc.


Message History

You hit the orc priest.
The orc priest is moderately wounded.
You feel sick.
An orc comes into view. It is wielding a +0 flail.
The orc priest hits you but does no damage.
You are more poisoned.
Unknown command.
You barely miss the orc priest.
The orc priest is moderately wounded.
You feel sick.
The orc priest hits you but does no damage.
Unknown command.
Unknown command.
You barely miss the orc priest.
The orc priest is moderately wounded.
You feel sick.
The orc throws a boomerang.
The boomerang hits you but does no damage.
The orc priest hits you but does no damage.
You are more poisoned.
Unknown command.
You hit the orc priest.
The orc priest is heavily wounded.
You feel sick.
The orc throws a boomerang.
The boomerang hits you but does no damage.
The orc priest hits you but does no damage.
The steam dragon breathes steam at you. The ball of steam hits you!
You die...

Action                   |  1- 3 |  4- 6 |  7- 9 || total
-------------------------+-------+-------+-------++-------
Melee: Hand axe          |   105 |       |       ||   105
       Tailslap          |    11 |    19 |     6 ||    36
       Broad axe         |    21 |   130 |    51 ||   202
       Unarmed           |       |       |     4 ||     4
       Headbutt          |       |       |     3 ||     3
Invok: Depart the Abyss  |     1 |       |       ||     1
 Abil: Rolling Charge    |     3 |     8 |     5 ||    16
  Use: Scroll            |     2 |       |     3 ||     5
       Potion            |       |       |     5 ||     5
Armor: Leather armour    |    47 |    35 |       ||    82
       Scale mail        |       |    32 |    34 ||    66
       Skin              |       |       |     7 ||     7
Dodge: Dodged            |    74 |    67 |    19 ||   160

Levels and vault maps discovered:
D:1:      lemuel_arrival_hallway, layout_rooms, serial_shops, shop_coins
D:2:      layout_rooms, basic_altar
D:3:      wad_pebble_path, layout_basic, nicolae_ashenzari_panopticon,
          chequers_temple_overflow_statue_of_worship,
          dreamdust_ecumenical_altar_statues, kennysheep_boxes
D:4:      layout_cave_pools, minmay_temple_entry_antechambers,
          gammafunk_ghost_smash, serial_shops, kennysheep_mini_moat,
          minmay_misc_feat_chi
D:5:      layout_basic, nicolae_overflow_hidden_temple,
          mainiacjoe_overflow_concentric_impassable, serial_shops,
          nicolae_take_the_stairs, ebering_ghost_inner_flame, minivault_24,
          uniq_crazy_yiuf_cottage
D:6:      layout_basic, marbit_many_paths, nicolae_ru_path_of_blood,
          nicolae_qazlal_general_emergency, lexackson_kobold_supper

Notes
Turn   | Place    | Note
-------+----------+-------------------------------------------
     0 | Abyss:1  | sanka the Palentonga Abyssal Knight began the quest for the
                  | Orb.
     0 | Abyss:1  | Reached XP level 1. HP: 19/19 MP: 2/2
    49 | Abyss:1  | Noticed a rust devil
    53 | Abyss:1  | Noticed a small abomination
    55 | D:1      | Escaped the Abyss
   121 | D:1      | Reached * piety under Lugonu
   123 | D:1      | Reached XP level 2. HP: 9/25 MP: 3/3
   491 | D:1      | Reached skill level 3 in Axes
   644 | D:1      | Found Gyinu's Antique Weapon Shop.
  1049 | D:2      | Found an iron altar of Okawaru.
  1138 | D:2      | Reached XP level 3. HP: 31/31 MP: 4/4
  1417 | D:2      | Reached skill level 4 in Axes
  1852 | D:3      | Reached ** piety under Lugonu
  1853 | D:3      | Reached XP level 4. HP: 31/37 MP: 5/5
  1949 | D:3      | Found a burning altar of Makhleb.
  1949 | D:3      | Found an ornate altar of the Wu Jian Council.
  2206 | D:3      | Reached skill level 5 in Axes
  2567 | D:3      | Reached XP level 5. HP: 28/43 MP: 6/6
  2745 | D:3      | Found a broken altar of Ashenzari.
  3333 | D:3      | Found a faded altar of an unknown god.
  3589 | D:4      | Reached skill level 6 in Axes
  3722 | D:4      | Found a staircase to the Ecumenical Temple.
  4199 | D:4      | Found Laimemm's Assorted Antiques.
  4274 | D:4      | Found a transporter.
  4279 | D:4      | Noticed Suckerboh's ghost (amateur FoBe)
  4280 | D:4      | Identified the +3 dire flail "Yheroa Seps" {speed, Will-
                  | Str+6 SInv}
  4280 | D:4      | Noticed an ogre
  4282 | D:4      | Found a transporter.
  4283 | D:4      | Noticed an ogre
  4344 | D:4      | Reached XP level 6. HP: 20/50 MP: 7/7
  4630 | D:4      | Bought a scorched scale mail for 270 gold pieces
  4630 | D:4      | Identified the +7 scale mail of Tomorrow {rN+ Str+2 Dex+2}
                  | (You bought it in a shop on level 4 of the Dungeon)
  4649 | D:5      | Entered Level 5 of the Dungeon
  4649 | D:5      | Found a basalt altar of Yredelemnul.
  4655 | D:5      | Reached skill level 2 in Armour
  4725 | D:5      | Reached skill level 7 in Axes
  4789 | D:5      | Gained mutation: You curl defensively after being hit.
                  | [Palentonga growth]
  4789 | D:5      | Reached XP level 7. HP: 40/55 MP: 8/8
  5080 | D:5      | Found a runed translucent door.
  5080 | D:5      | Noticed MoonlitKnight's ghost (novice HOFi)
  5104 | D:5      | Found Umoyrgh's Jewellery Shop.
  5140 | D:5      | Reached skill level 8 in Axes
  5644 | D:5      | Found a runed translucent door.
  5647 | D:5      | Identified a scroll of acquirement
  5648 | D:5      | Noticed Crazy Yiuf
  5922 | D:6      | Found a stormy altar of Qazlal.
  5996 | D:6      | Gained mutation: You have a pair of small horns on your
                  | head. [potion of mutation]
  5996 | D:6      | Gained mutation: Your muscles are strong. (Str +2) [potion
                  | of mutation]
  5996 | D:6      | Gained mutation: Your movements are slightly less
                  | encumbered by armour. (ER -2) [potion of mutation]
  5996 | D:6      | Gained mutation: Your muscles are very strong. (Str +4)
                  | [potion of mutation]
  6115 | D:6      | Reached skill level 9 in Axes
  6128 | D:6      | Noticed a steam dragon
  6135 | D:6      | Killed from afar by a steam dragon

Vanquished Creatures
  An orc warrior (D:6)
  An ogre (D:5)
  2 scorpions (D:5)
  2 hounds
  2 orc priests
  A bullfrog skeleton (D:5)
  A scorpion zombie (D:5)
  6 iguanas
  2 orc wizards
  10 adders
  4 gnolls (D:5)
  A worm (D:2)
  A dart slug (D:4)
  7 orcs
  5 endoplasms
  3 giant cockroaches
  6 goblins
  5 hobgoblins
  3 quokkas
  6 ball pythons
  7 bats
  4 frilled lizards
  4 kobolds
  10 rats
94 creatures vanquished.
